 Dungeon Crawl Stone Soup version 0.17.1-1-g73c8601 (webtiles) character file.

930 Peloso the Covered (level 7, -13/62 HPs)
             Began as a Minotaur Fighter on Dec 19, 2015.
             Was an Initiate of Okawaru.
             Mangled by an ogre
             ... wielding a +0 giant spiked club
              (23 damage)
             ... on level 5 of the Dungeon.
             The game lasted 00:12:06 (3143 turns).

Peloso the Covered (Minotaur Fighter)               Turns: 3143, Time: 00:12:06

Health: -13/62     AC: 11    Str: 22    XL:     7   Next: 86%
Magic:  6/6        EV:  7    Int:  5    God:    Okawaru [......]
Gold:   259        SH: 10    Dex: 10    Spells: 0 memorised, 6 levels left

rFire  . . .     SeeInvis .     a - +0 long sword
rCold  . . .     Clarity  .     s - +0 chain mail (curse)
rNeg   . . .     SustAt   .     c - +0 shield
rPois  .         Gourm    +     (helmet restricted)
rElec  .         Spirit   .     (no cloak)
rCorr  .         Warding  .     (no gloves)
rMut   .         Stasis   .     o - +0 pair of boots
MR     .....                    n - amulet of the gourmand
Stlth  ..........               (no ring)
                                (no ring)

@: not resistant to hostile enchantments, extremely unstealthy
A: retaliatory headbutt, horns 2
a: Renounce Religion


You were on level 5 of the Dungeon.
You worshipped Okawaru.
Okawaru was noncommittal.
You were very full.

You visited 2 branches of the dungeon, and saw 6 of its levels.

You collected 259 gold pieces.

Inventory:

Hand Weapons
 a - a +0 long sword (weapon)
 f - a +1 whip of flaming
Armour
 c - a +0 shield (worn)
 i - a +0 plate armour
 o - a +0 pair of boots (worn)
 s - a cursed +0 chain mail (worn)
Jewellery
 n - an amulet of the gourmand (around neck)
Scrolls
 k - a scroll of remove curse
 l - 4 scrolls of fear {unknown}
 m - a scroll of noise {unknown}
 p - a scroll of fog {unknown}
 q - a scroll of enchant armour {unknown}
 r - 2 scrolls of identify {unknown}
Potions
 b - a potion of mutation {unknown}
 d - 2 potions of might
 j - 4 potions of curing {unknown}
 u - a potion of degeneration {unknown}
 v - a potion of agility {unknown}
Books
 h - a book of Party Tricks

   Spells                             Type                      Level
   a - Summon Butterflies             Summoning                    1
   b - Apportation                    Translocation                1
   c - Tukima's Dance                 Hexes                        3
   d - Alistair's Intoxication        Transmutation/Poison         4
   e - Invisibility                   Hexes                        6
Comestibles
 e - 3 bread rations
 g - 2 meat rations
 t - a beef jerky


   Skills:
 + Level 5.9 Fighting
 + Level 5.4 Long Blades
 + Level 6.5 Armour
 + Level 2.1 Dodging
 + Level 0.8 Stealth
 + Level 6.5 Shields


You had 6 spell levels left.
You didn't know any spells.

Dungeon Overview and Level Annotations

Branches:
Dungeon (5/15)             Temple (1/1) D:4

Altars:
Ashenzari
Cheibriados
Dithmenos
Elyvilon
Fedhas
Gozag
Makhleb
Okawaru
Qazlal
Ru
Sif Muna
Trog
Vehumet
Xom
Yredelemnul
Zin
The Shining One


Innate Abilities, Weirdness & Mutations

You reflexively headbutt those who attack you in melee.
You have a pair of horns on your head.


Message History

You slash the ogre!
The ogre is moderately wounded.
You block the ogre's attack.
You slash the ogre!
The ogre is severely wounded.
The ogre hits you with a giant spiked club!!
You barely miss the ogre.
The ogre is severely wounded.
The ogre hits you with a giant spiked club!
You hit the ogre but do no damage.
You headbutt the ogre, but do no damage.
The ogre is severely wounded.
The ogre hits you with a giant spiked club!!
* * * LOW HITPOINT WARNING * * *
Your shield and chain mail prevent you from hitting the ogre.
The ogre is severely wounded.
You closely miss the ogre.
The ogre is severely wounded.
The ogre hits you with a giant spiked club!!
You die...

#.....#...###.####..##.#
#...##.###.............#
#......# #.#######.#####
##..##.###.# #.#
#..###...## #.#
#.........# #.#
#..######.# #.# ....#
#.#######.# ###.#
#..@O.....# #.
###########


You could see an ogre.

Vanquished Creatures
  Pikel (D:4)
  An ogre (D:4)
  A phantom (D:4)
  A crimson imp (D:5)
  A centaur skeleton (D:4)
  2 giant frog skeletons (D:4)
  An iguana (D:5)
  4 gnolls (D:3)
  4 adders
  3 shadow imps
  A worm (D:2)
  2 giant geckos (D:2)
  4 goblins
  10 hobgoblins
  2 quokkas
  2 ball pythons
  8 bats
  5 giant cockroaches
  2 giant newts (D:1)
  8 jackals (D:1)
  3 kobolds
  6 rats
72 creatures vanquished.

Vanquished Creatures (others)
  An adder (D:4)
1 creature vanquished.

Grand Total: 73 creatures vanquished

Notes
Turn   | Place    | Note
--------------------------------------------------------------
     0 | D:1      | Peloso the Minotaur Fighter began the quest for the Orb.
     0 | D:1      | Reached XP level 1. HP: 19/19 MP: 0/0
   304 | D:1      | Reached XP level 2. HP: 24/27 MP: 1/1
   355 | D:1      | Reached skill level 4 in Fighting
   993 | D:1      | Reached XP level 3. HP: 33/33 MP: 2/2
  1946 | D:3      | Reached XP level 4. HP: 37/40 MP: 3/3
  2269 | D:4      | Reached XP level 5. HP: 44/47 MP: 4/4
  2286 | D:4      | Noticed a slave
  2286 | D:4      | Noticed a slave
  2287 | D:4      | Noticed a slave
  2288 | D:4      | Noticed a slave
  2289 | D:4      | Noticed Pikel
  2334 | D:4      | Killed Pikel
  2334 | D:4      | Reached skill level 5 in Fighting
  2334 | D:4      | Reached skill level 6 in Armour
  2334 | D:4      | Reached skill level 1 in Dodging
  2334 | D:4      | Reached skill level 5 in Shields
  2334 | D:4      | Reached XP level 6. HP: 32/56 MP: 5/5
  2334 | D:4      | Reached XP level 7. HP: 34/61 MP: 6/6
  2439 | D:4      | Found a staircase to the Ecumenical Temple.
  2444 | Temple   | Entered the Ecumenical Temple
  2624 | D:4      | Noticed an ogre
  2632 | D:4      | Killed an ogre
  2632 | D:4      | Reached skill level 5 in Long Blades
  2814 | D:4      | Noticed a phantom
  2891 | D:4      | Killed a phantom
  2911 | D:5      | Entered Level 5 of the Dungeon
  2948 | D:5      | Found an iron altar of Okawaru.
  2959 | D:5      | Became a worshipper of Warmaster Okawaru
  3143 | D:5      | Mangled by an ogre

Action                   |  1- 3 |  4- 6 |  7- 9 || total
-------------------------+-------+-------+-------++-------
Melee: Long sword        |   113 |    63 |    83 ||   259
  Use: Scroll            |       |     2 |       ||     2
  Eat: Chunk             |     6 |     5 |     3 ||    14
       Pizza             |     1 |       |       ||     1
